 Dungeon Crawl Stone Soup version 0.31.0-11-ge490571c62 (webtiles) character file.

Game seed: 11120601167318645594

882 Arcadio the Digger (level 8, 0/41 HPs)
             Began as a Gargoyle Earth Elementalist on Jan 28, 2024.
             Was an Initiate of Sif Muna.
             Slain by Pikel
             ... wielding a +0 whip of flaming
              (8 damage)
             ... on level 5 of the Dungeon.
             The game lasted 00:09:38 (4042 turns).

Arcadio the Digger (Gargoyle Earth Elementalist)    Turns: 4042, Time: 00:09:38

Health: 0/41       AC: 10    Str: 11    XL:     8   Next: 5%
Magic:  5/15       EV: 11    Int: 19    God:    Sif Muna [......]
Gold:   108        SH:  0    Dex: 10    Spells: 9/17 levels left

rFire   . . .        n - +3 scythe
rCold   . . .        (shield currently unavailable)
rNeg    + . .        j - +0 leather armour
rPois   ∞            (no helmet)
rElec   +            (no cloak)
rCorr   .            k - +0 pair of gloves
SInv    .            (no boots)
Will    .....        (no amulet)
Stlth   ++           (no ring)
HPRegen 0.26/turn    (no ring)
MPRegen 0.14/turn

%: no passive effects
@: no status effects
A: sickness immunity, AC +5, negative energy resistance 1, electricity
resistance, torment resistance 1, petrification resistance
a: Renounce Religion


You were on level 5 of the Dungeon.
You worshipped Sif Muna.
Sif Muna was noncommittal.
You visited 1 branch of the dungeon, and saw 5 of its levels.

You collected 248 gold pieces.
You spent 140 gold pieces at shops.

Inventory:

Hand Weapons
 c - a +0 dagger
 e - a +0 short sword
 n - a +3 scythe (weapon)
 x - a +0 war axe
Armour
 a - a +0 robe
 f - a +0 ring mail
 j - a +0 leather armour (worn)
 k - a +0 pair of gloves (worn)
 t - a +0 plate armour
Jewellery
 p - a ring of fire
Wands
 g - a wand of charming (16)
 m - a wand of flame (9)
Scrolls
 l - a scroll of amnesia {unknown}
 v - a scroll of enchant weapon {unknown}
 w - a scroll of fear {unknown}
 y - a scroll of torment {unknown}
Potions
 b - a potion of magic
 d - 2 potions of haste {unknown}
 h - 2 potions of mutation
 i - a potion of cancellation {unknown}
 o - a potion of curing {unknown}
 q - a potion of berserk rage {unknown}
 r - a potion of invisibility {unknown}
 s - a potion of lignification {unknown}
 u - 2 potions of heal wounds


   Skills:
 + Level 5.4 Armour
 - Level 1.5 Dodging
 - Level 2.1 Stealth
 + Level 5.0 Spellcasting
 - Level 1.1 Conjurations
 + Level 7.1 Earth Magic


You had 9 spell levels left.
You knew the following spells:

 Your Spells              Type           Power      Damage    Failure   Level
a - Sandblast             Erth           62%        2d14      1%          1
b - Stone Arrow           Conj/Erth      40%        3d9       9%          3
c - Brom's Barrelling Bo  Conj/Erth      20%        2d4       28%         4

Your spell library contained the following spells:

 Spells                   Type           Power      Damage    Failure   Level
 Passwall                 Erth           31%        N/A       2%          3
 Lesser Beckoning         Tloc           8%         N/A       24%         2
 Petrify                  Alch/Erth      18%        N/A       36%         4
 Gell's Gravitas          Tloc           4%         N/A       43%         3
 Teleport Other           Tloc           4%         N/A       43%         3


Dungeon Overview and Level Annotations

Branches:
Dungeon (5/15)
 Temple: D:4-7

Altars:
Sif Muna
Xom

Shops:
D:2 *

Annotations:
D:4 Dowan, Duvessa
D:5 Pikel


Innate Abilities, Weirdness & Mutations

You are immune to sickness and miasma.
Your stone body is resilient. (AC +5)
You are immune to poison.
You resist negative energy. (rN+)
You are resistant to electric shocks. (rElec)
You are resistant to unholy torment.
You are immune to petrification.


Message History

Pikel is lightly wounded.
Pikel barely misses you.
Casting: Stone Arrow (dangerous; 9% risk of failure)
Confirm with . or Enter, or press ? or * to list all spells.
Aiming: Stone Arrow (dangerous; 9% risk of failure)
Press: ? - help, Shift-Dir - straight line, f/p - Pikel
Aim: Pikel, wielding a +0 whip of flaming and wearing a +0 robe (lightly wounded, 64% to hit)
The stone arrow misses Pikel.
Pikel hits you with a +0 whip of flaming.
Pikel burns you. Pikel attacks as he pursues you!
Pikel hits you with a +0 whip of flaming.
Pikel burns you. Pikel attacks as he pursues you!
Pikel hits you but does no damage. Pikel attacks as he pursues you!
Pikel hits you with a +0 whip of flaming.
Pikel burns you. Pikel attacks as he pursues you!
Pikel hits you but does no damage. Pikel attacks as he pursues you!
Pikel hits you but does no damage.
Okay, then.
Okay, then.
Pikel attacks as he pursues you! Pikel barely misses you.
Pikel attacks as he pursues you!
Pikel hits you with a +0 whip of flaming.
Pikel burns you. Pikel attacks as he pursues you!
Pikel hits you but does no damage. Pikel attacks as he pursues you!
Pikel hits you with a +0 whip of flaming.
Pikel burns you.
Pikel says, "Hell isn't that bad."
Pikel says, "You'll make a fine lemure."
Pikel attacks as he pursues you!
Pikel hits you with a +0 whip of flaming.
Pikel burns you.
* * * LOW HITPOINT WARNING * * *
There is a stone staircase leading up here.
Pikel says, "Antaeus said I was his favorite kobold.
Me!"
Pikel hits you with a +0 whip of flaming!
You die...
Pikel says, "See you in Hell!"

##..## #............
#....####............
##.....##.............
##.......#5##..........
##.........####.........
#..........## #.........
#.......5...# ##........
#......K....## #........
#......@.....# ##.......
##...........# #.....
#...........#
#............#
##...........#
##............
#............
#...........#
............#


You could see Pikel and 2 lemures.

Vanquished Creatures
  Sigmund (D:2)
  An ogre (D:4)
  A phantom (D:4)
  2 lemures (D:5)
  Blork the orc (D:4)
  A scorpion (D:4)
  2 hounds (D:4)
  An orc priest (D:3)
  2 bombardier beetles
  Jessica (D:2)
  2 orc wizards (D:4)
  2 iguanas
  6 adders
  A shadow imp (D:5)
  A dart slug (D:1)
  A ribbon worm (D:3)
  5 orcs
  6 ball pythons
  9 endoplasms
  2 giant cockroaches
  8 goblins
  9 hobgoblins
  5 jackals (D:2)
  6 kobolds
  5 quokkas
  9 bats
  4 frilled lizards
  7 rats
101 creatures vanquished.

Notes
Turn   | Place    | Note
-------+----------+-------------------------------------------
     0 | D:1      | Arcadio the Gargoyle Earth Elementalist began the quest for
                  | the Orb.
     0 | D:1      | Reached XP level 1. HP: 10/10 MP: 3/3
    38 | D:1      | Found a faded altar of an unknown god.
    87 | D:1      | Reached XP level 2. HP: 15/15 MP: 0/5
   161 | D:1      | Reached skill level 1 in Armour
   320 | D:1      | Reached skill level 4 in Earth Magic
   506 | D:1      | Reached XP level 3. HP: 19/19 MP: 2/6
  1401 | D:2      | Reached XP level 4. HP: 24/24 MP: 5/8
  1591 | D:2      | Learned a level 3 spell: Stone Arrow
  1596 | D:2      | Learned a level 4 spell: Brom's Barrelling Boulder
  1596 | D:2      | Noticed Sigmund
  1600 | D:2      | Killed Sigmund
  1601 | D:2      | Reached skill level 5 in Earth Magic
  1601 | D:2      | Reached XP level 5. HP: 28/28 MP: 1/10
  1601 | D:2      | Reached XP level 6. HP: 32/32 MP: 1/11
  1711 | D:2      | Found Ryucia's Assorted Antiques.
  1719 | D:2      | Bought a blackened moonstone ring for 140 gold pieces
  1887 | D:2      | Noticed Jessica
  1893 | D:2      | Killed Jessica
  2865 | D:4      | Reached skill level 6 in Earth Magic
  2865 | D:4      | Reached XP level 7. HP: 34/36 MP: 5/13
  2939 | D:4      | Noticed Dowan
  2959 | D:4      | Found a shimmering blue altar of Sif Muna.
  2971 | D:4      | Became a worshipper of Sif Muna the Loreminder
  3033 | D:4      | Noticed Duvessa
  3208 | D:4      | Noticed Blork the orc
  3211 | D:4      | Killed Blork the orc
  3393 | D:4      | Reached skill level 5 in Armour
  3433 | D:4      | Found a shimmering altar of Xom.
  3786 | D:5      | Entered Level 5 of the Dungeon
  3802 | D:5      | Reached skill level 7 in Earth Magic
  3802 | D:5      | Reached XP level 8. HP: 14/41 MP: 10/15
  3951 | D:5      | Reached skill level 5 in Spellcasting
  3998 | D:5      | Noticed Pikel
  4042 | D:5      | Slain by Pikel

Illustrated notes

Levels and vault maps discovered:
D:1:      minmay_arrival_solitary_statue, layout_basic, basic_ecumenical_altar,
          minmay_indecisive_spiral
D:2:      layout_basic, serial_shops, nicolae_shop_hallway_stairs, uniq_jessica,
          uniq_sigmund
D:3:      layout_loops_cross
D:4:      layout_gridville, mainiacjoe_overflow_tiny_flanked,
          kennysheep_orc_sif_temple, uniq_blork_the_orc, uniq_duvessa
D:5:      layout_cave_pods, temple_fountains, amcnicky_mini_corridor_feature,
          serial_bayou_pond_e, serial_library_hellmonk_hallway_b, uniq_pikel

Skill      XL: |  1  2  3  4  5  6  7  8 |
---------------+-------------------------+-----
Armour         | 1 2 3 4 5 |  5.4
Earth Magic    | 4 5 6 7 |  7.1
Spellcasting   | 3 4 5 |  5.0
Dodging        | |  1.5
Stealth        | |  2.1
Conjurations   | |  1.1

Action                     |  1- 3 |  4- 6 |  7- 9 || total
---------------------------+-------+-------+-------++-------
  Melee: Dagger            |    15 |       |       ||    15
         Halberd           |       |    30 |    13 ||    43
   Cast: Sandblast         |    42 |    47 |    40 ||   129
         Stone Arrow       |       |     3 |     3 ||     6
    Use: Scroll            |       |       |     2 ||     2
   Stab: Sleeping          |     1 |       |       ||     1
 Armour: Robe              |    17 |    23 |       ||    40
         Leather armour    |       |    11 |    37 ||    48
  Dodge: Dodged            |    17 |    34 |    27 ||    78
